 Dungeon Crawl Stone Soup version 0.29-a0-334-gb41bcbb86e (webtiles) character file.

Game seed: 15508076772053584366

602 spaghetti the Shield-Bearer (level 7, -16/62 HPs)
             Began as a Naga Fighter on Apr 13, 2022.
             Was an Initiate of Yredelemnul.
             Demolished by an ogre
             ... wielding a +0 giant spiked club
              (20 damage)
             ... on level 4 of the Dungeon.
             The game lasted 00:06:22 (4703 turns).

spaghetti the Shield-Bearer (Naga Fighter)          Turns: 4703, Time: 00:06:23

Health: -16/62     AC:  9    Str: 27    XL:     7   Next: 41%
Magic:  7/7        EV:  5    Int:  8    God:    Yredelemnul [......]
Gold:   241        SH:  4    Dex: 10    Spells: 6/6 levels left

rFire   . . .      SeeInvis +   j - +1 short sword (protect) {short}
rCold   . . .      Faith    .   c - +0 buckler
rNeg    . . .      Spirit   .   q - +0 plate armour
rPois   +          Reflect  .   x - +0 helmet
rElec   .          Harm     .   (no cloak)
rCorr   .          Rampage  .   (no gloves)
Will    .....                   (no barding)
Stlth   ..........              (no amulet)
HPRegen 0.20/turn               z - +6 ring of strength
MPRegen 0.10/turn               (no ring)

@: invisible, very slow
A: AC +2, large, see invisible, deformed body, poison resistance, slowness 2,
spit poison 1, naga tail 1
a: Spit Poison, Renounce Religion, Recall Undead Harvest


You were on level 4 of the Dungeon.
You worshipped Yredelemnul.
Yredelemnul was noncommittal.
You visited 1 branch of the dungeon, and saw 4 of its levels.

You collected 241 gold pieces.


Innate Abilities, Weirdness & Mutations

Your serpentine skin is tough. (AC +2)
You have supernaturally acute eyesight. (SInv)
Armour fits poorly on your strangely shaped body.
Your system is resistant to poisons. (rPois)
You cover ground very slowly.
You can spit poison.
You have a snake-like lower body.


   Skills:
 - Level 3.0 Fighting
 - Level 4.0 Long Blades
 + Level 0.7 Throwing
 + Level 2.7 Armour
 + Level 3.5 Dodging
 + Level 4.4 Shields
 + Level 1.1 Invocations


You had 6 spell levels left.
You didn't know any spells.
Your spell library contained the following spells:

 Spells                   Type           Power      Damage    Failure   Level
 Call Canine Familiar     Summ           0%         N/A       100%        3
 Portal Projectile        Hex/Tloc       0%         N/A       100%        3
 Cause Fear               Hex            0%         N/A       100%        4
 Leda's Liquefaction      Hex/Erth       0%         N/A       100%        4
 Dragon Form              Tmut           0%         N/A       100%        7
 Dragon's Call            Summ           0%         N/A       100%        9

Inventory:

Hand Weapons
 a - a +0 long sword {long}
 j - a +1 short sword of protection (weapon) {short}
   (You took it off a kobold on level 1 of the Dungeon)
Missiles
 f - 170 stones (quivered) {throwing}
 k - 4 poisoned darts {throwing}
Armour
 b - a +0 scale mail
 c - a +0 buckler (worn)
 q - a +0 plate armour (worn)
   (You found it on level 4 of the Dungeon)
 v - the +0 ring mail of Articulation {rPois Dex-5 Stlth+}
   (You found it on level 2 of the Dungeon)

   Dex:       It affects your dexterity (-5).
   rPois:     It protects you from poison.
   Stlth:     It makes you more stealthy.
 x - a +0 helmet (worn)
   (You found it on level 3 of the Dungeon)
Jewellery
 i - a ring of fire
   (You found it on level 2 of the Dungeon)
 o - a ring of ice
   (You found it on level 1 of the Dungeon)
 z - a +6 ring of strength (left hand)
   (You found it on level 3 of the Dungeon)
Scrolls
 g - a scroll of summoning {unknown}
 h - 5 scrolls of identify {unknown}
 m - a scroll of fear {unknown}
 n - 2 scrolls of fog {unknown}
 s - 3 scrolls of enchant weapon {unknown}
 u - a scroll of immolation {unknown}
 w - a scroll of brand weapon {unknown}
 y - a scroll of holy word {unknown}
 C - a scroll of vulnerability {unknown}
Potions
 d - 2 potions of might
 e - 2 potions of attraction {!q}
 l - 3 potions of invisibility
 p - a potion of flight
 r - 2 potions of curing {@q1}
 A - 2 potions of heal wounds {unknown}
 B - a potion of lignification {unknown}
 D - a potion of degeneration {unknown}
 E - a potion of magic {unknown}

Dungeon Overview and Level Annotations

Branches:
Dungeon (4/15)             Temple (0/1) D:4

Altars:
Makhleb
Yredelemnul

###.ยง# ########...... #..#
#.##### ###### #..# #.# .....#
#..# #.# #.##.#
##..##############.#
..#..#####...Z.........>....##
.............^#############..#
##.......###............####.####
###.....# ###.O@...###..........
##....## ##.....# ##.....###.
##....# ###...## ###...# ##...##
##...## ##..## # ##...## ##...#
##..## ## ##...# ##..## ##..##
.## ##..## ##..## ##..# ..##
##.[## #...## ##.. ...## ##.)##
##...## #..


You could see an ogre (can't see you, poisoned).


Message History

What are your orders? t - Shout!
Orders for allies: a - Attack new target. r - Retreat! s - Stop attacking. g - Guard the area. f - Follow me.
Anything else - Cancel.
Gang up on whom?
Press: ? - help, Dir - move target, f - ogre
Aim: an ogre, wielding a +0 giant spiked club (lightly wounded) Attack!
The ogre barely misses your orc zombie.
Your orc zombie hits the ogre. ๐Ÿ˜จ HP[+1]
The ogre hits your orc zombie with a +0 giant spiked club.
Your orc zombie is destroyed!
Your orc wizard zombie hits the ogre but does no damage.
Something hits your orc zombie!!
Your orc zombie is destroyed!
Your orc wizard zombie hits something but does no damage.
The ogre hits your dart slug zombie with a +0 giant spiked club!!
Your dart slug zombie is destroyed!
Your orc wizard zombie hits the ogre.
Your orc wizard zombie hits the ogre but does no damage. ๐Ÿ˜จ HP[+1]
Aiming: Spit Poison (1% risk of failure)
Press: ? - help, Shift-Dir - straight line, f - you, p - ogre
Okay, then.
It was a potion of ambrosia.
You are confused.
You feel invigorated.
Your orc wizard zombie hits the ogre but does no damage. ๐Ÿ˜จ HP[+4]
You regained 4 hp, and now have 30/62 hp.
Unknown command.
You enter a dispersal trap!
The ogre blinks!
Your orc wizard zombie blinks!
You blink. ๐Ÿ˜ฎ HP[+5]
You regained 5 hp, and now have 35/62 hp.
Unknown command.
Unknown command.
Unknown command. ๐Ÿ˜ฎ HP[+5]
You regained 5 hp, and now have 40/62 hp.
Unknown command.
You bump into the rock wall. ๐Ÿ˜ฎ HP[+4]
You regained 4 hp, and now have 44/62 hp.
Unknown command.
You bump into the rock wall. ๐Ÿ˜• HP[+3]
You regained 3 hp, and now have 47/62 hp.
Unknown command.
Unknown command.
You are too confused!
Unknown command.
You bump into the rock wall. ๐Ÿ˜• HP[+4]
You regained 4 hp, and now have 51/62 hp.
Unknown command.
Unknown command.
Unknown command.
You hit the ogre.
Your weapon exudes an aura of protection.
The ogre hits you with a +0 giant spiked club! ๐Ÿ˜ฎ HP[-12]
You take 12 damage, and now have 39/62 hp.
Unknown command.
Unknown command.
Unknown command.
Unknown command.
You feel less invigorated.
You feel less confused.
The ogre hits you with a +0 giant spiked club!
* * * LOW HITPOINT WARNING * * *
๐Ÿ˜จ HP[-12]
You take 12 damage, and now have 27/62 hp.
Unknown command.
Unknown command.
Unknown command.
Aiming: Spit Poison (1% risk of failure)
Press: ? - help, Shift-Dir - straight line, f/p - ogre
Aim: an ogre, wielding a +0 giant spiked club (moderately wounded, 81% to hit)
The splash of poison hits the ogre!
The ogre is poisoned. ๐Ÿ˜จ HP[+1]
You completely miss the ogre.
The ogre hits you with a +0 giant spiked club!!
* * * LOW HITPOINT WARNING * * *
๐Ÿ˜ฑ HP[-25]
You take 25 damage, and now have 3/62 hp.
MASSIVE DAMAGE!! (PAUSE) Unknown command.
Okay, then.
Okay, then.
You fade into invisibility!
You have got your breath back.
The ogre barely misses you.
You barely miss the ogre.
The ogre hits you with a +0 giant spiked club!!
You die...
Your body rises from the dead as a mindless zombie.

Skill      XL: |  1  2  3  4  5  6  7 |
---------------+----------------------+-----
Dodging        | 1 2 3 |  3.5
Shields        | 3 4 |  4.4
Long Blades    | 3 4 |  4.0
Invocations    | 1 |  1.1
Fighting       | |  3.0
Throwing       | |  0.7
Armour         | |  2.7

Action                   |  1- 3 |  4- 6 |  7- 9 || total
-------------------------+-------+-------+-------++-------
Melee: Long sword        |    20 |       |       ||    20
       Short sword       |    55 |   293 |   121 ||   469
 Abil: Spit Poison       |     1 |     2 |     1 ||     4
  Use: Potion            |     1 |     5 |     2 ||     8
Armor: Scale mail        |    57 |   242 |     7 ||   306
       Plate armour      |       |       |    69 ||    69
Dodge: Dodged            |    33 |   152 |    39 ||   224
Block: Buckler           |    16 |    93 |    28 ||   137

Levels and vault maps discovered:
D:1:      dpeg_arrival_water_temple_mockup, layout_rooms
D:2:      layout_basic, serial_corexii_hall, chequers_hall_statues_wall_a,
          chequers_hall_statues_corner_a, basic_altar, minmay_hexomino_c4
D:3:      layout_loops_ring, goddamned_bats
D:4:      minmay_thick_lines, layout_loops_ring, lemuel_coloured_pillars_altar,
          minmay_temple_entry_tees

Notes
Turn   | Place    | Note
-------+----------+-------------------------------------------
     0 | D:1      | spaghetti the Naga Fighter began the quest for the Orb.
     0 | D:1      | Reached XP level 1. HP: 21/21 MP: 1/1
     0 | D:1      | magus.rc [v1.9.6]
   180 | D:1      | Reached XP level 2. HP: 19/28 MP: 2/2
   750 | D:2      | Reached skill level 1 in Dodging
   750 | D:2      | Reached XP level 3. HP: 22/34 MP: 3/3
   758 | D:2      | HP: 8/34 [orc wizard/+0 dagger (4)]
   760 | D:2      | Reached skill level 3 in Shields
   760 | D:2      | Reached XP level 4. HP: 11/42 MP: 4/4
   762 | D:2      | Reached skill level 3 in Long Blades
   765 | D:2      | HP: 8/42 [orc/+0 club (3)]
   769 | D:2      | HP: 3/42 [endoplasm (1)]
   770 | D:2      | HP: 1/42 [frozen (2)]
  1345 | D:2      | Found a burning altar of Makhleb.
  1385 | D:2      | Identified the +0 ring mail of Articulation {rPois Dex-5
                  | Stlth+}
  2335 | D:3      | You pick up a book of the Dragon and begin reading...
  2335 | D:3      | You add the spells Cause Fear, Dragon Form and Dragon's
                  | Call to your library.
  2608 | D:3      | Reached skill level 2 in Dodging
  2608 | D:3      | Reached XP level 5. HP: 18/49 MP: 5/5
  3233 | D:3      | Reached XP level 6. HP: 56/56 MP: 6/6
  3306 | D:4      | Reached skill level 4 in Long Blades
  3545 | D:4      | Reached skill level 4 in Shields
  3602 | D:4      | Reached skill level 3 in Dodging
  3709 | D:4      | Reached XP level 7. HP: 36/62 MP: 7/7
  4054 | D:4      | Found a basalt altar of Yredelemnul.
  4074 | D:4      | Became a worshipper of Yredelemnul the Dark
  4150 | D:4      | Found a staircase to the Ecumenical Temple.
  4161 | D:4      | You pick up a book of the Hunter and begin reading...
  4161 | D:4      | You add the spells Call Canine Familiar, Portal Projectile
                  | and Leda's Liquefaction to your library.
  4197 | D:4      | Reached * piety under Yredelemnul
  4549 | D:4      | Reached skill level 1 in Invocations
  4700 | D:4      | HP: 3/62 [ogre/+0 giant spiked club (25)]
  4703 | D:4      | Demolished by an ogre

Vanquished Creatures
  A sky beast (D:4)
  A phantom (D:4)
  A vampire bat (D:3)
  A hound (D:4)
  2 iguanas
  3 orc wizards
  6 adders
  A white imp (D:4)
  An ufetubus (D:4)
  A worm (D:3)
  A dart slug (D:4)
  3 fire bats (D:3)
  10 orcs
  2 spectral bats (D:3)
  6 ball pythons
  11 bats
  3 bat skeletons (D:3)
  A bat zombie (D:3)
  5 endoplasms
  4 giant cockroaches
  7 goblins
  5 hobgoblins
  5 jackals
  2 quokkas
  A bat simulacrum (D:3)
  4 frilled lizards
  3 kobolds
  2 rats (D:1)
93 creatures vanquished.

Vanquished Creatures (collateral kills)
  An orc (D:4)
1 creature vanquished.

Vanquished Creatures (others)
  A spectral white imp (D:4)
  A dart slug zombie (D:4)
  A goblin zombie (D:4)
  A hobgoblin zombie (D:4)
  3 orc zombies (D:4)
7 creatures vanquished.

Grand Total: 101 creatures vanquished

Table legend:
 A = Non-vault XP
 B = Vault XP
 C = Vault XP percentage of total XP
 D = Non-vault monster count
 E = Vault monster count
 F = Vault count percentage of total count
                 A         B        C        D         E       F
            +---------+---------+-------+---------+---------+-------
      Total |     477 |     384 |  44.6 |      61 |      33 |  35.1
            +---------+---------+-------+---------+---------+-------
        D:1 |      22 |       0 |   0.0 |      14 |       0 |   0.0
        D:2 |      56 |      44 |  44.0 |      12 |       6 |  33.3
        D:3 |      73 |     181 |  71.3 |      13 |      20 |  60.6
        D:4 |     326 |     159 |  32.8 |      22 |       7 |  24.1
            +---------+---------+-------+---------+---------+-------

Illustrated notes

Table legend:
 A = Kills in this place as a percentage of kills in entire the game.
 B = Kills by you in this place as a percentage of kills by you in the entire game.
 C = Kills by friends in this place as a percentage of kills by friends in the entire game.
 D = Other kills in this place as a percentage of other kills in the entire game.
 E = Experience gained in this place as a percentage of experience gained in the entire game.
 F = Experience gained in this place divided by the number of levels of this place that you have seen.
                   A       B       C       D       E      F
               +-------+-------+-------+-------+-------+----------------------
         Total | 100.0 | 100.0 | 100.0 |   N/A | 100.0 | 215.2
       Dungeon | 100.0 | 100.0 | 100.0 |   N/A | 100.0 | 215.2
               +-------+-------+-------+-------+-------+----------------------

Table legend: (Time is in decaauts)
 A = Elapsed time spent in this place.
 B = Non-inter-level travel time spent in this place.
 C = Inter-level travel time spent in this place.
 D = Time resting spent in this place.
 E = Time spent auto-exploring this place.
 F = Levels seen in this place.
 G = Mean time per level.
                   A        B        C        D        E       F      G
               +--------+--------+--------+--------+--------+-----+--------+
         Total |   5776 |   5645 |    131 |    821 |   3942 |   4 | 1444.0 |
       Dungeon |   5776 |   5645 |    131 |    821 |   3942 |   4 | 1444.0 |
               +--------+--------+--------+--------+--------+-----+--------+

Top non-repeatable levels by time:
     D:4: 1683 daAuts
     D:3: 1647 daAuts
     D:2: 1533 daAuts
     D:1: 912 daAuts
